Map: 어스름 탑

Players

Healer

  • Race: Terran Terran
  • League: Master

TOP - Winner!

  • Race: Terran Terran

Event: Gauntlet LotV Series 1 Qualifier 2

VOD

Have the link to the VOD?

Description

Time

  • Played on: Dec. 5, 2015, 2:14 p.m.
  • Length: 13:37

All games in this series

Show
View Real Time Build Order
Export as new Build Order

Healer Terran 

Build Orders: Liberator Opening, Reaper Expand 

Get SALT Encoding   

  12  0:01  SCV  
  13  0:13  SCV  
  14  0:17  Supply Depot  
  14  0:25  SCV  
  15  0:38  SCV  
  15  0:39  Barracks  
  16  0:46  Refinery  
  16  0:51  SCV  
  17  1:03  SCV  
  18  1:15  SCV  
  19  1:27  Orbital Command  
  19  1:29  Reaper  
  20  1:42  Command Center  
  20  1:46  Refinery  
  20  1:53  Supply Depot  
  20  1:55  SCV  
  21  2:01  Reaper  
  21  2:07  SCV  
  23  2:18  Factory  
  23  2:19  SCV  
  24  2:31  SCV  
  24  2:33  Reaper  
  26  2:44  SCV  
  27  2:54  Orbital Command  
  27  2:56  SCV  
  28  3:02  Starport  
  28  3:03  Hellion  
  30  3:05  Reaper  
  30  3:08  SCV  
  32  3:20  SCV x2  
  32  3:22  Liberator  
  32  3:24  Hellion  
  36  3:32  SCV x2  
  38  3:34  Supply Depot  
  41  3:44  SCV x2  
  41  3:47  Barracks Tech Lab  
  45  3:49  Factory Tech Lab  
  45  3:51  Refinery  
  43  3:56  SCV x2  
  44  4:08  SCV x2, Cyclone  
  49  4:14  Supply Depot  
  49  4:20  SCV x2  
  51  4:32  SCV x2  
  51  4:36  Raven  
  51  4:37  Supply Depot  
  55  4:40  Command Center  
  55  4:41  Hellion  
  55  4:44  SCV  
  55  4:45  SCV  
  59  4:46  Engineering Bay  
  59  4:55  Factory  
  59  4:56  SCV  
  59  4:57  SCV  
  55  5:09  SCV  
  56  5:15  SCV  
  56  5:21  SCV  
  54  5:27  SCV  
  54  5:31  Banshee, Cloaking Field  
  54  5:33  SCV, Hellion, Infernal Pre-Igniter  
  60  5:39  SCV  
  60  5:42  Factory Reactor  
  61  5:45  SCV  
  61  5:49  Refinery  
  62  5:51  SCV  
  62  5:52  Orbital Command  
  62  5:56  Missile Turret  
  63  5:57  SCV  
  63  6:03  SCV  
  63  6:09  SCV  
  62  6:13  Missile Turret  
  62  6:14  Viking  
  62  6:15  SCV  
  65  6:19  Missile Turret  
  65  6:20  Missile Turret  
  65  6:21  SCV, Barracks Reactor  
  65  6:25  SCV  
  67  6:28  SCV  
  67  6:33  SCV, Hellion  
  67  6:37  SCV  
  69  6:40  SCV  
  69  6:44  Viking  
  69  6:45  SCV  
  73  6:47  Missile Turret  
  73  6:49  SCV  
  73  6:50  Missile Turret  
  73  6:51  Missile Turret  
  73  6:52  SCV  
  75  6:54  Missile Turret  
  75  6:57  SCV  
  75  6:59  Hi-Sec Auto Tracking  
  75  7:00  Missile Turret  
  76  7:01  SCV  
  76  7:05  Supply Depot  
  76  7:07  Supply Depot  
  77  7:15  Missile Turret  
  77  7:16  SCV, Hellion x2  
  77  7:19  SCV  
  77  7:22  SCV, Factory  
  84  7:26  Viking x2  
  88  7:30  Cyclone  
  88  7:32  Mag-Field Accelerator  
  91  7:38  Supply Depot, Hellion x2  
  91  7:40  SCV  
  91  7:41  Supply Depot  
  91  7:43  SCV  
  97  7:44  SCV  
  98  7:51  Starport  
  98  7:52  SCV  
  98  7:53  Supply Depot  
  98  7:55  SCV  
  98  7:56  SCV  
  101  8:01  Hellion  
  101  8:02  Hellion  
  101  8:03  Siege Tank  
  101  8:04  SCV  
  109  8:07  SCV  
  109  8:09  SCV  
  111  8:14  Viking x2  
  111  8:16  SCV  
  111  8:19  SCV  
  117  8:27  SCV  
  117  8:29  SCV  
  117  8:31  SCV  
  123  8:34  Siege Tank  
  123  8:35  Hellion  
  125  8:42  Supply Depot  
  125  8:44  Starport Tech Lab  
  125  8:45  Supply Depot x3  
  125  8:48  Refinery  
  125  8:50  Refinery  
  125  8:54  Missile Turret  
  125  8:59  Supply Depot  
  125  9:03  Missile Turret  
  125  9:04  Viking x2, Siege Tank  
  125  9:06  Missile Turret  
  125  9:07  Hellion x2  
  125  9:08  SCV, Hellion  
  125  9:09  Sensor Tower  
  139  9:13  Supply Depot  
  139  9:17  SCV x2  
  136  9:30  Hellion, Siege Tank  
  109  9:36  Siege Tank  
  92  9:43  Liberator  
  92  9:44  Liberator  
  90  9:50  Hellion  
  90  9:52  Hellion  
  87  9:54  SCV  
  87  9:57  Banshee  
  95  10:02  Siege Tank  
  95  10:06  SCV  
  101  10:08  Siege Tank  
  101  10:10  Missile Turret  
  101  10:11  Hellion  
  101  10:13  Hellion  
  108  10:26  Liberator  
  108  10:31  Command Center  
  108  10:33  Hellion  
  108  10:34  Hellion, Siege Tank  
  115  10:40  Siege Tank  
  119  11:01  Viking  
  118  11:06  Siege Tank  
  118  11:10  Missile Turret  
  122  11:12  Cyclone  
  120  11:25  Factory  
  116  11:26  Factory, Viking  
  116  11:31  Viking  
  119  11:38  Siege Tank  
  120  11:46  Orbital Command  
  120  11:48  Viking x2  
  120  11:50  Siege Tank x2  
  130  11:56  Viking  
  121  12:01  Viking  
  123  12:10  Hellion  
  118  12:18  Viking x2  
  118  12:22  Hellion x2  
  126  12:26  Viking  
  118  12:31  Viking, Siege Tank  
  113  12:43  Hellion  
  105  12:46  Hellion  
  105  12:47  Hellion x2  
  105  12:48  Viking x2  
  113  12:56  Viking  
  109  13:01  Viking  
  109  13:02  Orbital Command  
  109  13:04  Hellion  
  109  13:05  Hellion  
  115  13:08  Hellion  
  110  13:16  Hellion  
Show
View Real Time Build Order
Export as new Build Order

TOP Terran - Winner!

Build Orders: Reaper Expand, Bio Tank, MMM Bio 

Get SALT Encoding   

  12  0:01  SCV  
  13  0:13  SCV  
  14  0:17  Supply Depot  
  14  0:25  SCV  
  15  0:39  SCV  
  15  0:40  Barracks  
  16  0:44  Refinery  
  16  0:51  SCV  
  17  1:03  SCV  
  18  1:15  SCV  
  19  1:28  Orbital Command  
  19  1:30  Reaper  
  20  1:46  Command Center  
  20  1:50  Refinery  
  20  1:54  SCV  
  21  2:01  Supply Depot  
  21  2:04  Reaper  
  21  2:07  SCV  
  23  2:23  SCV  
  23  2:24  Factory  
  24  2:35  SCV  
  24  2:36  Barracks Reactor  
  25  2:47  SCV  
  26  2:58  Orbital Command  
  26  2:59  SCV  
  27  3:09  Starport, Widow Mine  
  27  3:11  SCV  
  27  3:12  Marine x2  
  32  3:23  SCV  
  32  3:24  SCV  
  32  3:26  Supply Depot  
  34  3:30  Marine x2  
  36  3:35  SCV  
  36  3:36  SCV  
  36  3:38  Factory Tech Lab  
  38  3:47  SCV, Medivac  
  38  3:48  Refinery  
  41  3:52  Marine x2  
  41  3:54  SCV  
  44  3:59  SCV  
  44  4:02  Siege Tank  
  47  4:06  SCV  
  48  4:10  Marine x2  
  48  4:11  SCV  
  51  4:20  Medivac  
  53  4:24  SCV  
  53  4:26  Supply Depot  
  54  4:31  Command Center  
  54  4:39  Supply Depot  
  54  4:48  SCV, Siege Tank, Supply Depot, Marine x2  
  54  4:52  Medivac  
  62  5:01  SCV x2, Supply Depot  
  62  5:05  Marine x2  
  61  5:21  Siege Tank  
  61  5:23  Marine x2  
  61  5:24  SCV  
  61  5:26  Viking  
  62  5:43  Barracks  
  62  5:46  Barracks  
  62  5:48  Orbital Command  
  62  5:49  Barracks  
  62  5:52  Barracks Tech Lab  
  62  5:53  Siege Tank  
  58  6:12  Marine, Starport Reactor  
  58  6:13  Stimpack  
  59  6:28  SCV x2  
  59  6:30  Marauder  
  63  6:33  Barracks Reactor  
  60  6:41  Marine x2  
  60  6:42  Barracks Tech Lab  
  62  6:48  SCV x2  
  62  6:51  Orbital Command  
  62  6:52  Marauder  
  66  6:54  Medivac x2  
  66  6:59  Marine  
  71  7:01  Marine  
  71  7:02  Combat Shields, Engineering Bay, Marauder  
  71  7:06  SCV  
  71  7:07  SCV  
  76  7:09  Refinery  
  76  7:10  Marine x2  
  76  7:12  Supply Depot  
  76  7:13  Siege Tank, Marine  
  82  7:18  SCV  
  82  7:19  Supply Depot, SCV x2  
  82  7:20  Supply Depot  
  85  7:23  Marauder  
  85  7:24  Marine  
  85  7:29  Missile Turret  
  88  7:30  SCV  
  88  7:31  SCV, Missile Turret, Marauder  
  88  7:32  SCV  
  88  7:35  Missile Turret  
  93  7:40  Marine x2  
  93  7:41  Marine  
  93  7:43  Medivac x2  
  100  7:45  SCV x2  
  102  7:57  Marauder, Marine x2  
  106  8:00  Marine  
  106  8:01  Marine  
  106  8:03  Marine  
  109  8:07  SCV x2, Barracks  
  109  8:11  Supply Depot  
  111  8:14  Concussive Shells  
  111  8:15  SCV, Marauder, Supply Depot  
  111  8:19  Marauder  
  116  8:24  Marine x2  
  116  8:25  Marine x2  
  120  8:29  Viking x2  
  120  8:33  Starport  
  125  8:34  SCV  
  125  8:37  Marauder  
  125  8:38  Refinery  
  125  8:39  Refinery, Marine  
  128  8:42  Marine x2  
  128  8:45  SCV x2  
  128  8:46  Marine  
  133  8:58  Marauder x2  
  133  8:59  Marine  
  133  9:00  Barracks Tech Lab  
  133  9:02  Viking  
  140  9:04  Supply Depot  
  140  9:07  Supply Depot  
  140  9:11  Starport Reactor  
  140  9:23  Marauder  
  140  9:24  Siege Tank  
  140  9:25  Marine x3  
  140  9:26  Marauder x2  
  140  9:27  Marine  
  129  9:43  Marine x3  
  129  9:44  Marauder  
  129  9:45  Marine  
  124  9:47  Marauder x2  
  124  9:48  Viking  
  124  9:52  Viking  
  130  9:58  Viking x2  
  134  10:00  Marine x2  
  134  10:01  Terran Infantry Weapons Level 1, Marine  
  134  10:03  Armory  
  134  10:05  Marauder  
  139  10:17  Marine, Liberator  
  139  10:18  Viking, Marine  
  143  10:22  Viking  
  143  10:23  Supply Depot  
  143  10:26  Supply Depot  
  143  10:28  Viking  
  145  10:30  Marauder, Marine  
  145  10:31  Liberator  
  145  10:35  Liberator  
  153  10:37  Marauder  
  157  10:59  Viking  
  157  11:08  Marine  
  157  11:09  Marauder  
  157  11:11  Marauder, Marine  
  163  11:12  Liberator  
  163  11:13  Liberator  
  163  11:15  Marauder, Marine  
  163  11:17  Viking  
  166  11:20  Command Center  
  166  11:21  Command Center  
  171  11:35  Viking  
  173  11:53  Supply Depot x2  
  173  11:58  Liberator x2  
  173  12:11  Marine x3  
  173  12:15  Viking x2  
  183  12:25  Marine  
  183  12:27  Supply Depot x2, Liberator x2  
  186  12:33  Marine  
  187  12:38  Marine  
  186  12:46  Orbital Command x2  
  186  12:49  Marine  
  186  12:50  Marauder  
  191  12:57  Viking  
  193  13:01  Marauder x2, Marine  
Tags
 
Add a new tag
Caveats
  • Supply blocks, unpowered buildings, or Contaminate may cause inaccurate times.
  • Supply counts are checked every 10 seconds.